 Dungeon Crawl Stone Soup version 0.20.0-4-g10b340a (webtiles) character file.

74083 Gorglomux the Spry (level 15, -46/111 HPs)
             Began as a Halfling Ice Elementalist on May 27, 2017.
             Was a High Priest of Okawaru.
             Killed from afar by Frances (54 damage)
             ... with an iron shot
             ... on level 13 of the Dungeon.
             The game lasted 01:16:40 (23331 turns).

Gorglomux the Spry (Halfling Ice Elementalist)     Turns: 23331, Time: 01:16:42

Health: -46/111    AC: 12    Str: 12    XL:     15   Next: 92%
Magic:  17/22      EV: 33    Int: 16    God:    Okawaru [*****.]
Gold:   921        SH:  0    Dex: 26    Spells: 8/17 levels left

rFire    . . .     SeeInvis .   a - +4 fustibalus (freeze)
rCold    + . .     Gourm    .   (shield restricted)
rNeg     . . .     Faith    .   (no armour)
rPois    .         Spirit   .   W - +2 helmet of the Tuna {rC+ Regen+ Int+3}
rElec    .         Reflect  .   v - +2 cloak
rCorr    .         Harm     .   G - +0 pair of gloves
MR       +....                  t - +2 pair of boots
Stlth    ++++......             (no amulet)
Regen    0.7/turn               D - -4 ring of evasion
MPRegen  0.2/turn               J - ring of Fudon {Wiz +Fly Dex+7}

@: about to teleport, heroism, finesse
A: mutation resistance 1
a: Heroism, Finesse, Renounce Religion, Evoke Flight


You were on level 13 of the Dungeon.
You worshipped Okawaru.
Okawaru was extremely pleased with you.
You were not hungry.

You visited 3 branches of the dungeon, and saw 20 of its levels.
You also visited: Ice Cave and Volcano.

You collected 1119 gold pieces.
You spent 198 gold pieces at shops.

Inventory:

Hand Weapons
 a - a +4 fustibalus of freezing (weapon)
 b - the +3 hunting sling "Qedeetha" {god gift, velocity, rPois MR++ Int+2 Dex-5}
   (Okawaru gifted it to you on level 3 of the Lair of Beasts)

   Any stone fired from it inflicts extra damage.
   It affects your intelligence (+2).
   It affects your dexterity (-5).
   It protects you from poison.
   It affects your resistance to hostile enchantments.
Missiles
 h - 226 stones
 o - 225 sling bullets (quivered)
 Z - 4 throwing nets
Armour
 m - +0 acid dragon scales
 t - a +2 pair of boots (worn)
 v - a +2 cloak (worn)
 F - a +2 crystal plate armour {god gift}
 G - a +0 pair of gloves (worn)
 I - a +0 shield
 U - the +3 chain mail of Umuenn {rPois}
   (You found it on level 12 of the Dungeon)

   It protects you from poison.
 W - the +2 helmet of the Tuna (worn) {rC+ Regen+ Int+3}
   (You found it on level 4 of the Dungeon)

   It affects your intelligence (+3).
   It protects you from cold.
   It increases your rate of regeneration.
Jewellery
 c - an uncursed ring of protection from cold
 e - a +4 ring of protection
 w - an uncursed ring of fire
 D - a -4 ring of evasion (left hand)
 J - the ring of Fudon (right hand) {Wiz +Fly Dex+7}
   (You found it on level 6 of the Dungeon)

   [ring of wizardry]

   It improves your spell success rate.
   It affects your dexterity (+7).
   It lets you fly.
Wands
 d - a wand of acid (8/15)
 y - a wand of scattershot (4/9)
 A - a wand of acid (5/15)
 C - a wand of confusion (26/48)
 L - a wand of lightning (10/15)
 P - a wand of paralysis (14/24)
 S - a wand of lightning (5/15)
Scrolls
 i - 2 scrolls of recharging
 k - 2 scrolls of fear
 p - a scroll of summoning
 B - a scroll of blinking
 M - 3 scrolls of magic mapping
 N - 6 scrolls of remove curse
 O - 3 scrolls of fog
 T - 7 scrolls of teleportation
Potions
 g - 2 potions of mutation {!q}
 l - 5 potions of heal wounds
 s - 2 potions of resistance
 u - 2 potions of haste
 E - 3 potions of lignification
 H - 3 potions of berserk rage
 Q - 5 potions of curing
 X - 3 potions of cancellation
Miscellaneous
 Y - a lamp of fire
Comestibles
 j - 15 royal jellies
 x - a chunk of flesh
 z - 12 meat rations
 K - 19 fruits
 R - 15 bread rations


   Skills:
 + Level 13.5(18.5) Fighting
 - Level 15.0(20.0) Slings
 + Level 6.0(11.0) Armour
 + Level 16.2(21.2) Dodging
 - Level 2.1(7.1) Stealth
 - Level 1.5 Spellcasting
 - Level 0.7 Conjurations
 - Level 3.0 Ice Magic
 - Level 9.3 Invocations
 + Level 6.9 Evocations


You had 8 spell levels left.
You knew the following spells:

 Your Spells              Type           Power        Failure   Level  Hunger
a - Freeze                Ice            ##..         2%          1    ##.....
b - Throw Frost           Conj/Ice       #.....       6%          2    ###....
x - Confuse               Hex            #.......     26%         3    ####...
R - Regeneration          Chrm/Necr      #.........   26%         3    ####...


Dungeon Overview and Level Annotations

Branches:
Dungeon (13/15)            Temple (1/1) D:7            Lair (6/6) D:10
  Swamp (0/4) Lair:3        Snake (0/4) Lair:2        Slime (0/5) Lair:5
    Orc (0/2) D:10
 Vaults: D:13-14

Altars:
Ashenzari
Cheibriados
Dithmenos
Elyvilon
Fedhas
Gozag
Hepliaklqana
Kikubaaqudgha
Makhleb
Nemelex Xobeh
Okawaru
Qazlal
Ru
Sif Muna
Trog
Uskayaw
Vehumet
Xom
Yredelemnul
Zin
The Shining One

Shops:
D:5 ?   D:6 [   D:12 %

Annotations:
D:3 hittemv20vhard's ghost, amateur MiSk
D:4 Sigmund
D:13 Frances
Lair:2 exclusion: 3 oklob plants


Innate Abilities, Weirdness & Mutations

You are small and have problems with some larger weapons.
You are somewhat resistant to further mutation.


Message History

The bullfrog completely misses you. The sixfirhy completely misses you.
Unknown command.
As you read the scroll of teleportation, it crumbles to dust.
You feel strangely unstable. The sixfirhy closely misses you.
The sixfirhy completely misses you. The sixfirhy barely misses you.
Frances hits you with a mace!
* * * LOW HITPOINT WARNING * * *
The bullfrog misses you. The red devil closely misses you.
The sixfirhy misses you. The bullfrog completely misses you.
Frances misses you.
Evoke which item? (* to show all) (? for menu, Esc to quit)
Aiming: Corrosive Bolt
Press: ? - help, Shift-Dir - straight line, p - Frances The bolt of acid hits Frances.
Frances is splashed with acid.
Frances is almost dead.
This wand has 5 charges left.
The sixfirhy closely misses you. The red devil completely misses you.
The bullfrog completely misses you.
Frances screams a word of power!
The iron shot hits you!
You die...

#.......# #..# ..#
#.......# #..# $# #...)...#
#..# .# #......%# #..#
#.......# #..# #.......#
#..####..
#.......#####[....a.<
#######........34F.........
................@@(....(...
..............#####3.......
..............# #(.......
..............# #(...(...
..............# #.(......
.......:......#####.(....%.
.....................(....(
..........................
..............#####.


You could see Frances, 2 sixfirhies, a red devil and a bullfrog.

Vanquished Creatures
  A frost giant (IceCv)
  The ghost of NorthaanB the Brawler, a journeyman MiVM of Hepliaklqana (Lair:6)
  Snorg (D:11)
  2 fire dragons
  Harold (D:11)
  A centaur warrior (D:12)
  9 hydras
  A two-headed ogre (D:10)
  5 death yaks
  The ghost of Vajrapani the Slicer, a novice HaIE of Gozag (D:7)
  A wizard (D:13)
  A lindwurm (Lair:6)
  A manticore (D:12)
  A salamander (shapeshifter) (D:13)
  2 ugly things
  2 oklob plants (Lair:5)
  12 black mambas
  3 molten gargoyles (Lair:6)
  11 elephants
  An ice statue (IceCv)
  2 gargoyles
  12 spiny frogs
  5 rime drakes
  10 komodo dragons
  3 trolls
  24 polar bears
  The ghost of NorthaanB the Ruffian, an amateur MiVM (D:4)
  11 blink frogs
  8 hippogriffs
  6 slime creatures (D:12)
  12 dream sheep
  A shadow (D:12)
  3 wyverns
  68 yaks
  7 basilisks
  4 hungry ghosts
  A naga (Lair:2)
  2 acid dragons (D:11)
  16 water moccasins
  5 hell hounds (Lair:6)
  8 orc warriors
  2 black bears
  4 sky beasts
  6 porcupines
  6 ogres
  26 wolves
  4 phantoms
  3 centaurs
  13 crocodiles
  6 big kobolds
  17 bullfrogs
  A water moccasin zombie (D:7)
  2 wyvern skeletons (D:10)
  5 scorpions
  5 killer bees
  4 wights (D:10)
  A howler monkey (D:4)
  An electric eel (Lair:4)
  4 crimson imps
  A quasit (D:10)
  2 centaur zombies
  4 lava snakes (Lair:6)
  10 hounds
  2 centaur skeletons
  2 jellies
  16 orc wizards
  7 orc priests
  Crazy Yiuf (D:7)
  3 bullfrog skeletons
  Jessica (D:2)
  2 iguanas
  12 worker ants
  5 hell rats (Lair:6)
  A hound zombie (D:5)
  A worker ant zombie (D:7)
  A howler monkey skeleton (D:8)
  7 gnolls
  8 adders
  2 shadow imps
  2 oozes
  3 adder skeletons
  2 worms
  2 dart slugs
  5 leopard geckos
  46 orcs
  3 ball pythons
  8 bats
  6 giant cockroaches
  13 goblins
  8 hobgoblins
  12 jackals
  19 kobolds
  6 quokkas
  6 frilled lizards
  2 jackal zombies
  A leopard gecko skeleton (D:5)
  A leopard gecko zombie (D:5)
  A quokka zombie (D:5)
  12 rats
623 creatures vanquished.

Vanquished Creatures (others)
  A dream sheep (Lair:6)
  4 fungi
  8 plants
13 creatures vanquished.

Grand Total: 636 creatures vanquished

Notes
Turn   | Place    | Note
-------+----------+-------------------------------------------
     0 | D:1      | Gorglomux the Halfling Ice Elementalist began the quest for the Orb.
     0 | D:1      | Reached XP level 1. HP: 11/11 MP: 3/3
   338 | D:1      | Reached XP level 2. HP: 10/18 MP: 1/4
   480 | D:1      | Learned a level 2 spell: Throw Frost
   518 | D:1      | Reached skill level 1 in Fighting
   645 | D:1      | Reached skill level 1 in Slings
   712 | D:1      | Reached XP level 3. HP: 22/23 MP: 5/5
   876 | D:1      | Reached skill level 1 in Armour
  1201 | D:2      | Reached XP level 4. HP: 25/28 MP: 0/6
  1277 | D:2      | Reached skill level 3 in Dodging
  1554 | D:2      | Noticed Jessica
  1571 | D:2      | Killed Jessica
  1789 | D:3      | Reached XP level 5. HP: 34/34 MP: 5/7
  1937 | D:3      | Noticed hittemv20vhard's ghost (amateur MiSk)
  2238 | D:3      | Found a stormy altar of Qazlal.
  2790 | D:4      | Noticed Sigmund
  2851 | D:4      | Reached skill level 3 in Slings
  2932 | D:4      | Reached XP level 6. HP: 19/40 MP: 1/8
  2952 | D:4      | Noticed NorthaanB's ghost (amateur MiVM)
  3635 | D:3      | Reached skill level 3 in Armour
  3949 | D:4      | Reached skill level 4 in Dodging
  4261 | D:4      | Found a sacrificial altar of Ru.
  4285 | D:4      | Got a scorched helmet
  4291 | D:4      | Identified the +2 helmet of the Tuna {rC+ Regen+ Int+3} (You found it on level 4 of the Dungeon)
  4583 | D:4      | Reached XP level 7. HP: 45/45 MP: 0/9
  4842 | D:4      | Killed NorthaanB's ghost
  4842 | D:4      | Reached skill level 3 in Fighting
  5127 | D:5      | Entered Level 5 of the Dungeon
  5158 | D:5      | Reached skill level 5 in Dodging
  5158 | D:5      | Reached XP level 8. HP: 33/52 MP: 0/10
  5681 | D:5      | Found Vitraklu's Magic Scroll Emporium.
  5689 | D:5      | Bought a scroll of identify for 24 gold pieces
  5689 | D:5      | Bought a scroll of enchant weapon for 90 gold pieces
  5689 | D:5      | Bought a scroll of identify for 24 gold pieces
  5689 | D:5      | Bought a scroll of identify for 24 gold pieces
  5689 | D:5      | Bought a scroll of teleportation for 36 gold pieces
  6097 | D:6      | Reached skill level 6 in Slings
  6412 | D:6      | Found Hiepaega's Antique Armour Boutique.
  6713 | D:6      | Reached skill level 6 in Dodging
  6815 | D:6      | Reached XP level 9. HP: 59/59 MP: 5/11
  7250 | D:6      | Got a clouded gossamer ring
  7814 | D:7      | Reached skill level 7 in Dodging
  7952 | D:7      | Identified the ring of Fudon {Wiz +Fly Dex+7} (You found it on level 6 of the Dungeon)
  7962 | D:7      | Learned a level 3 spell: Confuse
  7968 | D:7      | Noticed Vajrapani's ghost (novice HaIE)
  8031 | D:7      | Killed Vajrapani's ghost
  8031 | D:7      | Reached skill level 9 in Slings
  8150 | D:7      | Reached skill level 6 in Fighting
  8213 | D:7      | Found a staircase to the Ecumenical Temple.
  8274 | Temple   | Entered the Ecumenical Temple
  8492 | Temple   | Became a worshipper of Warmaster Okawaru
  8882 | D:7      | Found a runed door.
  8947 | D:7      | Found a snail-covered altar of Cheibriados.
  8978 | D:7      | Reached XP level 10. HP: 68/68 MP: 8/12
  9049 | D:7      | Found an opulent altar of Gozag.
  9049 | D:7      | Found a hazy altar of Hepliaklqana.
  9139 | D:7      | Noticed Crazy Yiuf
  9146 | D:7      | Reached skill level 8 in Dodging
  9151 | D:7      | Killed Crazy Yiuf
  9435 | D:8      | Got a smoking leather armour
  9446 | D:8      | Identified the +3 leather armour of Daffodils {rN+} (You found it on level 8 of the Dungeon)
  9523 | D:7      | Reached * piety under Okawaru
 10151 | D:8      | Reached skill level 9 in Dodging
 10562 | D:9      | Found a shadowy altar of Dithmenos.
 10662 | D:9      | Found a glowing golden altar of the Shining One.
 10664 | D:9      | Found a glowing silver altar of Zin.
 10665 | D:9      | Found a white marble altar of Elyvilon.
 10766 | D:9      | Found a burning altar of Makhleb.
 10766 | D:9      | Found a bloodstained altar of Trog.
 10766 | D:9      | Found a sparkling altar of Nemelex Xobeh.
 10833 | D:9      | Reached ** piety under Okawaru
 11205 | D:9      | Reached XP level 11. HP: 77/77 MP: 8/13
 11258 | D:10     | Entered Level 10 of the Dungeon
 11267 | D:10     | Found a staircase to the Lair.
 11323 | D:10     | Reached skill level 12 in Slings
 11336 | D:10     | Reached skill level 10 in Dodging
 11477 | D:10     | Noticed a two-headed ogre
 11485 | D:10     | Killed a two-headed ogre
 11485 | D:10     | Reached *** piety under Okawaru
 11671 | D:10     | Found a staircase to the Orcish Mines.
 12315 | D:11     | Noticed Harold
 12338 | D:11     | Killed Harold
 12338 | D:11     | Reached **** piety under Okawaru
 12338 | D:11     | Received a gift from Okawaru
 12629 | D:11     | Reached skill level 11 in Dodging
 12715 | D:11     | Reached skill level 9 in Fighting
 12812 | D:11     | Noticed Snorg
 12870 | D:11     | Killed Snorg
 12870 | D:11     | Received a gift from Okawaru
 13088 | D:11     | Reached XP level 12. HP: 85/85 MP: 14/14
 13364 | D:11     | Noticed a two-headed hydra
 13373 | D:11     | Killed a two-headed hydra
 13456 | D:11     | Reached ***** piety under Okawaru
 13475 | D:11     | Received a gift from Okawaru
 13715 | Lair:1   | Entered Level 1 of the Lair of Beasts
 13840 | Lair:1   | Reached skill level 12 in Dodging
 13878 | Lair:1   | Found a dark tunnel.
 13945 | Volcano  | Entered a volcano
 13991 | Volcano  | Noticed a red draconian
 14196 | Lair:1   | Received a gift from Okawaru
 14564 | Lair:1   | Reached skill level 1 in Invocations
 15035 | Lair:2   | Received a gift from Okawaru
 15098 | Lair:2   | Noticed a seven-headed hydra
 15114 | Lair:2   | Killed a seven-headed hydra
 15313 | Lair:2   | Reached skill level 15 in Slings
 15409 | Lair:2   | Reached skill level 3 in Invocations
 15486 | Lair:2   | Noticed an eight-headed hydra
 15497 | Lair:2   | Killed an eight-headed hydra
 15497 | Lair:2   | Reached XP level 13. HP: 93/93 MP: 15/15
 15579 | Lair:2   | Found a staircase to the Snake Pit.
 15677 | Lair:2   | Received a gift from Okawaru
 16257 | Lair:3   | Received a gift from Okawaru
 16257 | Lair:3   | Reached skill level 13 in Dodging
 16280 | Lair:3   | Got a smoking hunting sling {god gift}
 16281 | Lair:3   | Identified the +3 hunting sling "Qedeetha" {god gift, velocity, rPois MR++ Int+2 Dex-5} (Okawaru gifted it to you on level 3 of the Lair of Beasts)
 16554 | Lair:3   | Found a staircase to the Swamp.
 17039 | Lair:4   | Noticed a five-headed hydra
 17052 | Lair:4   | Killed a five-headed hydra
 17052 | Lair:4   | Reached skill level 6 in Invocations
 17350 | Lair:4   | Received a gift from Okawaru
 17918 | Lair:5   | Found a frozen archway.
 18104 | IceCv    | Entered an ice cave
 18175 | IceCv    | Reached XP level 14. HP: 101/101 MP: 19/19
 18194 | IceCv    | Reached skill level 14 in Dodging
 18501 | IceCv    | Received a gift from Okawaru
 18877 | IceCv    | Reached skill level 12 in Fighting
 18891 | IceCv    | Received a gift from Okawaru
 19059 | IceCv    | Noticed a frost giant
 19071 | IceCv    | Killed a frost giant
 19071 | IceCv    | Received a gift from Okawaru
 19073 | IceCv    | Reached skill level 9 in Invocations
 19097 | IceCv    | Reached ****** piety under Okawaru
 19100 | IceCv    | Received a gift from Okawaru
 19176 | Lair:5   | Learned a level 3 spell: Regeneration
 19530 | Lair:5   | Reached skill level 1 in Evocations
 19751 | Lair:5   | Found a staircase to the Slime Pits.
 19950 | Lair:5   | Received a gift from Okawaru
 19954 | Lair:5   | Reached skill level 15 in Dodging
 20336 | Lair:6   | Entered Level 6 of the Lair of Beasts
 20435 | Lair:6   | Reached skill level 3 in Evocations
 20789 | Lair:6   | Reached XP level 15. HP: 109/109 MP: 22/22
 21035 | Lair:6   | Received a gift from Okawaru
 21508 | Lair:6   | Noticed NorthaanB's ghost (journeyman MiVM)
 21520 | Lair:6   | Killed NorthaanB's ghost
 21537 | Lair:6   | Received a gift from Okawaru
 21557 | Lair:6   | Found a large runed door.
 21557 | Lair:6   | Found a large runed door.
 21926 | Lair:6   | Reached skill level 6 in Evocations
 22246 | D:12     | Reached skill level 16 in Dodging
 22479 | D:12     | Got a faintly humming chain mail
 22490 | D:12     | Identified the +3 chain mail of Umuenn {rPois} (You found it on level 12 of the Dungeon)
 22879 | D:12     | Found Biec's Food Shoppe.
 23206 | D:13     | Reached skill level 6 in Armour
 23235 | D:13     | Received a gift from Okawaru
 23292 | D:13     | Noticed Frances
 23331 | D:13     | Killed from afar by Frances

Skill      XL: |  1  2  3  4  5  6  7  8  9 10 11 12 13 14 15 |
---------------+----------------------------------------------+-----
Fighting       | 1 2 3 4 6 7 9 10 11 12 13 | 13.5
Slings         | 1 2 3 4 5 7 9 11 13 15 | 15.0
Armour         | 1 2 3 4 5 6 |  6.0
Dodging        | 3 4 5 6 7 9 11 12 13 15 16 | 16.2
Invocations    | 3 7 9 |  9.3
Evocations     | 3 6 |  6.9
Stealth        | |  2.1
Spellcasting   | |  1.5
Conjurations   | |  0.7
Ice Magic      | |  3.0

Action                   |  1- 3 |  4- 6 |  7- 9 | 10-12 | 13-15 || total
-------------------------+-------+-------+-------+-------+-------++-------
Melee: Unarmed           |    13 |       |       |       |       ||    13
       Fustibalus        |       |       |     1 |     8 |       ||     9
 Fire: Hunting sling     |    31 |   181 |    56 |       |    62 ||   330
       Fustibalus        |       |       |   238 |   837 |  1779 ||  2854
 Cast: Freeze            |    30 |    83 |   171 |   113 |       ||   397
       Throw Frost       |     5 |    11 |     6 |     6 |       ||    28
       Confuse           |       |       |       |     1 |       ||     1
Invok: Heroism           |       |       |       |     7 |    13 ||    20
       Finesse           |       |       |       |       |     4 ||     4
Evoke: Wand              |       |     1 |       |     7 |     2 ||    10
       Lamp of fire      |       |       |       |       |     1 ||     1
  Use: Potion            |     1 |     1 |       |     2 |       ||     4
       Scroll            |       |     4 |     7 |    17 |    10 ||    38
  Eat: Chunk             |     1 |    15 |    18 |    27 |    20 ||    81
       Fruit             |       |       |       |       |     1 ||     1
Armor: Robe              |    12 |       |       |       |       ||    12
       Leather armour    |     1 |    20 |    51 |    81 |       ||   153
       Acid dragon scale |       |       |       |    15 |   117 ||   132
       Skin              |       |       |       |       |    19 ||    19
Dodge: Dodged            |    61 |   140 |   229 |   418 |  1145 ||  1993
